TOP OF THE 1ST |
St Charles Sheens batting - Pitching for Nashville G-Strings : LHP Juan Espinosa
|
Pitching: LHP Juan Espinosa
|
|
Batting: RHB Jesús Hernández
|
0-0: Ball 1-0: Foul Ball, location: 2F 1-1: Ball 2-1: Ball 3-1: Ground out 5-3 (Groundball, 56)
|
Batting: LHB Stan Bates
|
0-0: Called Strike 0-1: Ball 1-1: Ball 2-1: Foul Ball, location: 2F 2-2: Ground out U3 (Groundball, 34)
|
Batting: RHB Júlio Figueroa
|
0-0: Fly out, F9 (Flyball, 9D)
|
Top of the 1st over - 0 run(s), 0 hit(s), 0 error(s), 0 left on base; St Charles 0 - Nashville 0 |
BOTTOM OF THE 1ST |
Nashville G-Strings batting - Pitching for St Charles Sheens : LHP Ben Moody
|
Pitching: LHP Ben Moody
|
|
Batting: SHB Jorge Flores
|
0-0: Called Strike 0-1: Foul Ball, location: 2F 0-2: Ball 1-2: Ball 2-2: Ball 3-2: Foul Ball, location: 2F 3-2: Foul Ball, location: 2F 3-2: Strikes out swinging
|
Batting: SHB Rob Grun
|
0-0: Called Strike 0-1: Called Strike 0-2: Strikes out swinging
|
Batting: RHB Sergio Márquez
|
0-0: Ground out 5-3 (Groundball, 56)
|
Bottom of the 1st over - 0 run(s), 0 hit(s), 0 error(s), 0 left on base; St Charles 0 - Nashville 0 |
TOP OF THE 2ND |
St Charles Sheens batting - Pitching for Nashville G-Strings : LHP Juan Espinosa
|
Batting: RHB Dan Tyler
|
0-0: Ball 1-0: Ball 2-0: SOLO HOME RUN (Flyball, 78XD), Distance : 408 ft
|
Batting: LHB Larry Howard
|
0-0: Ball 1-0: Called Strike 1-1: Ball 2-1: Foul Ball, location: 2F 2-2: Ball 3-2: Base on Balls
|
Batting: RHB Max Rash
|
0-0: Ball 1-0: Called Strike 1-1: SINGLE (Flyball, 7S) Larry Howard to second
|
Batting: LHB Marcos Cantú
|
0-0: Ball 1-0: Swinging Strike 1-1: Ball 2-1: Foul Ball, location: 2F 2-2: Strikes out looking
|
Batting: RHB Miguel Palácios
|
0-0: Ball 1-0: Called Strike 1-1: Fly out, F7 (Flyball, 7)
|
Batting: LHB Kyle Harrison
|
0-0: Called Strike 0-1: Foul Ball, location: 2F 0-2: Ball 1-2: Ball 2-2: SINGLE (Line Drive, 89M) Larry Howard to third Max Rash to second Runner from 3rd tries for Home, SAFE, no throw
|
Batting: RHB Jesús Hernández
|
0-0: Ball 1-0: Ball 2-0: Ball 3-0: Called Strike 3-1: Reached on error, E5 (Groundball, 5) Max Rash to third Kyle Harrison to second
|
Batting: LHB Stan Bates
|
0-0: Ball 1-0: Ball 2-0: Fly out, F9 (Flyball, 89M)
|
Top of the 2nd over - 2 run(s), 3 hit(s), 1 error(s), 3 left on base; St Charles 2 - Nashville 0 |
BOTTOM OF THE 2ND |
Nashville G-Strings batting - Pitching for St Charles Sheens : LHP Ben Moody
|
Batting: LHB George Smith
|
0-0: Foul Ball, location: 2F 0-1: Ball 1-1: Ball 2-1: Swinging Strike 2-2: Strikes out swinging
|
Batting: RHB Vicente Aguirre
|
0-0: Ball 1-0: Foul Ball, location: 2F 1-1: Fly out, F9 (Flyball, 9LMF)
|
Batting: RHB António Ortega
|
0-0: Ball 1-0: Called Strike 1-1: Foul Ball, location: 2F 1-2: Foul Ball, location: 2F 1-2: Ball 2-2: SOLO HOME RUN (Flyball, 78XD), Distance : 422 ft
|
Batting: SHB Martín Medina
|
0-0: Called Strike 0-1: Foul Ball, location: 2F 0-2: SINGLE (Flyball, 9S)
|
Batting: RHB Javier Deleón
|
0-0: Called Strike 0-1: DOUBLE (Line Drive, 7LD) Martín Medina to third Runner from 3rd tries for Home, SAFE, no throw
|
Batting: RHB Will Brown
|
0-0: Fly out, F7 (Flyball, 78M)
|
Bottom of the 2nd over - 2 run(s), 3 hit(s), 0 error(s), 1 left on base; St Charles 2 - Nashville 2 |
TOP OF THE 3RD |
St Charles Sheens batting - Pitching for Nashville G-Strings : LHP Juan Espinosa
|
Batting: RHB Júlio Figueroa
|
0-0: Ground out 3-1 (Groundball, 34S)
|
Batting: RHB Dan Tyler
|
0-0: Ball 1-0: Ground out 5-3 (Groundball, 56S)
|
Batting: LHB Larry Howard
|
0-0: Ball 1-0: Fly out, F7 (Flyball, 7LSF)
|
Top of the 3rd over - 0 run(s), 0 hit(s), 0 error(s), 0 left on base; St Charles 2 - Nashville 2 |
BOTTOM OF THE 3RD |
Nashville G-Strings batting - Pitching for St Charles Sheens : LHP Ben Moody
|
Batting: SHB Jorge Flores
|
0-0: Ball 1-0: Called Strike 1-1: Ball 2-1: Ground out 5-3 (Groundball, 56)
|
Batting: SHB Rob Grun
|
0-0: Ball 1-0: Foul Ball, location: 2F 1-1: Ball 2-1: Swinging Strike 2-2: Strikes out looking
|
Batting: RHB Sergio Márquez
|
0-0: Foul Ball, location: 2F 0-1: Ball 1-1: Foul Ball, location: 2F 1-2: Ball 2-2: Fly out, F9 (Flyball, 89D)
|
Bottom of the 3rd over - 0 run(s), 0 hit(s), 0 error(s), 0 left on base; St Charles 2 - Nashville 2 |
TOP OF THE 4TH |
St Charles Sheens batting - Pitching for Nashville G-Strings : LHP Juan Espinosa
|
Batting: RHB Max Rash
|
0-0: Swinging Strike 0-1: Ball 1-1: Foul Ball, location: 2F 1-2: Ball 2-2: Strikes out swinging, 2-3 out at first.
|
Batting: LHB Marcos Cantú
|
0-0: Called Strike 0-1: SINGLE (Line Drive, 56D)
|
Batting: RHB Miguel Palácios
|
0-0: Called Strike Marcos Cantú steals 2nd base 0-1: Foul Ball, location: 2F 0-2: Ball 1-2: Strikes out swinging
|
Batting: LHB Kyle Harrison
|
0-0: Ball 1-0: SINGLE (Line Drive, 4MD) Marcos Cantú to third Runner from 3rd tries for Home, SAFE, no throw
|
Batting: RHB Jesús Hernández
|
0-0: Ball 1-0: Ball 2-0: Fielders Choice at 2nd, 5-4 (Groundball, 56)
|
Top of the 4th over - 1 run(s), 2 hit(s), 0 error(s), 0 left on base; St Charles 3 - Nashville 2 |
BOTTOM OF THE 4TH |
Nashville G-Strings batting - Pitching for St Charles Sheens : LHP Ben Moody
|
Batting: LHB George Smith
|
0-0: Foul Ball, location: 2F 0-1: Called Strike 0-2: Ball 1-2: Strikes out swinging
|
Batting: RHB Vicente Aguirre
|
0-0: Ball 1-0: Ground out 6-3 (Groundball, 6)
|
Batting: RHB António Ortega
|
0-0: Foul Ball, location: 2F 0-1: Fly out, F9 (Line Drive, 9S)
|
Bottom of the 4th over - 0 run(s), 0 hit(s), 0 error(s), 0 left on base; St Charles 3 - Nashville 2 |
TOP OF THE 5TH |
St Charles Sheens batting - Pitching for Nashville G-Strings : LHP Juan Espinosa
|
Batting: LHB Stan Bates
|
0-0: Foul Ball, location: 2F 0-1: Ground out 4-3 (Groundball, 4)
|
Batting: RHB Júlio Figueroa
|
0-0: Fly out, F8 (Flyball, 8LXD)
|
Batting: RHB Dan Tyler
|
0-0: Ball 1-0: Called Strike 1-1: Ball 2-1: Fly out, F8 (Flyball, 8LS)
|
Top of the 5th over - 0 run(s), 0 hit(s), 0 error(s), 0 left on base; St Charles 3 - Nashville 2 |
BOTTOM OF THE 5TH |
Nashville G-Strings batting - Pitching for St Charles Sheens : LHP Ben Moody
|
Batting: SHB Martín Medina
|
0-0: Called Strike 0-1: Foul Ball, location: 2F 0-2: Ball 1-2: Foul Ball, location: 2F 1-2: Ground out 1-3 (Groundball, P)
|
Batting: RHB Javier Deleón
|
0-0: Called Strike 0-1: Ball 1-1: Ball 2-1: Swinging Strike 2-2: Ball 3-2: Base on Balls
|
Batting: RHB Will Brown
|
0-0: Ball 1-0: Ball 2-0: Called Strike 2-1: Foul Ball, location: 2F 2-2: Strikes out looking
|
Batting: SHB Jorge Flores
|
0-0: Ball 1-0: Ball 2-0: Fly out, F8 (Line Drive, 8LD)
|
Bottom of the 5th over - 0 run(s), 0 hit(s), 0 error(s), 1 left on base; St Charles 3 - Nashville 2 |
TOP OF THE 6TH |
St Charles Sheens batting - Pitching for Nashville G-Strings : LHP Juan Espinosa
|
Batting: LHB Larry Howard
|
0-0: Ground out 3-1 (Groundball, 34S)
|
Batting: RHB Max Rash
|
0-0: Ball 1-0: Ball 2-0: Foul Ball, location: 2F 2-1: Foul Ball, location: 2F 2-2: Ball 3-2: Base on Balls
|
Batting: LHB Marcos Cantú
|
0-0: Called Strike 0-1: Foul Ball, location: 2F 0-2: Ball 1-2: Fly out, F7 (Flyball, 78M)
|
Batting: RHB Miguel Palácios
|
0-0: Foul Ball, location: 2F 0-1: Fly out, F9 (Flyball, 9)
|
Top of the 6th over - 0 run(s), 0 hit(s), 0 error(s), 1 left on base; St Charles 3 - Nashville 2 |
BOTTOM OF THE 6TH |
Nashville G-Strings batting - Pitching for St Charles Sheens : LHP Ben Moody
|
Batting: SHB Rob Grun
|
0-0: Called Strike 0-1: Ball 1-1: Foul Ball, location: 2F 1-2: Foul Ball, location: 2F 1-2: Strikes out swinging
|
Batting: RHB Sergio Márquez
|
0-0: Ball 1-0: Foul Ball, location: 2F 1-1: Foul Ball, location: 2F 1-2: Fly out, F4 (Popup, 34D)
|
Batting: LHB George Smith
|
0-0: Ball 1-0: Called Strike 1-1: Foul Ball, location: 2F 1-2: Fly out, F9 (Flyball, 9LMF)
|
Bottom of the 6th over - 0 run(s), 0 hit(s), 0 error(s), 0 left on base; St Charles 3 - Nashville 2 |
TOP OF THE 7TH |
St Charles Sheens batting - Pitching for Nashville G-Strings : LHP Juan Espinosa
|
Batting: LHB Kyle Harrison
|
0-0: Foul Ball, location: 2F 0-1: Ball 1-1: Foul Ball, location: 2F 1-2: Ball 2-2: Ball 3-2: Fly out, F5 (Popup, 5S)
|
Batting: RHB Jesús Hernández
|
0-0: Ball 1-0: Foul Ball, location: 2F 1-1: Foul Ball, location: 2F 1-2: Fly out, F8 (Flyball, 8LS)
|
Batting: LHB Stan Bates
|
0-0: Ball 1-0: Ball 2-0: Ball 3-0: Base on Balls
|
Batting: RHB Júlio Figueroa
|
0-0: Ball 1-0: Fielders Choice at 2nd, 6-4 (Groundball, 6)
|
Top of the 7th over - 0 run(s), 0 hit(s), 0 error(s), 0 left on base; St Charles 3 - Nashville 2 |
BOTTOM OF THE 7TH |
Nashville G-Strings batting - Pitching for St Charles Sheens : LHP Ben Moody
|
Batting: RHB Vicente Aguirre
|
0-0: Ball 1-0: Ball 2-0: Fly out, F7 (Line Drive, 78M)
|
Batting: RHB António Ortega
|
0-0: Ball 1-0: Ball 2-0: Ball 3-0: Fly out, F8 (Line Drive, 8LM)
|
Batting: SHB Martín Medina
|
0-0: Called Strike 0-1: Foul Ball, location: 2F 0-2: Strikes out looking
|
Bottom of the 7th over - 0 run(s), 0 hit(s), 0 error(s), 0 left on base; St Charles 3 - Nashville 2 |
TOP OF THE 8TH |
St Charles Sheens batting - Pitching for Nashville G-Strings : LHP Juan Espinosa
|
Pitching: RHP Ramiro Rivera
|
|
Batting: RHB Dan Tyler
|
0-0: Foul Ball, location: 2F 0-1: Called Strike 0-2: Strikes out looking
|
Pitching: LHP Carlos Berru
|
|
Batting: LHB Larry Howard
|
0-0: Called Strike 0-1: Swinging Strike 0-2: SOLO HOME RUN (Line Drive, 9D), Distance : 399 ft
|
Batting: RHB Max Rash
|
0-0: Ball 1-0: Ball 2-0: Called Strike 2-1: Ball 3-1: Foul Ball, location: 2F 3-2: Ground out 4-3 (Groundball, 4)
|
Pitching: RHP Jesse Moser
|
|
Batting: LHB Marcos Cantú
|
0-0: Called Strike 0-1: Foul Ball, location: 2F 0-2: Strikes out looking
|
Top of the 8th over - 1 run(s), 1 hit(s), 0 error(s), 0 left on base; St Charles 4 - Nashville 2 |
BOTTOM OF THE 8TH |
Nashville G-Strings batting - Pitching for St Charles Sheens : LHP Ben Moody
|
Batting: RHB Javier Deleón
|
0-0: Ball 1-0: Ball 2-0: Fly out, F7 (Flyball, 7LDF)
|
Batting: RHB Will Brown
|
0-0: Ball 1-0: Fly out, F4 (Popup, 34)
|
Batting: SHB Jorge Flores
|
0-0: Swinging Strike 0-1: Swinging Strike 0-2: Foul Ball, location: 2F 0-2: Ground out 6-3 (Groundball, 6)
|
Bottom of the 8th over - 0 run(s), 0 hit(s), 0 error(s), 0 left on base; St Charles 4 - Nashville 2 |
TOP OF THE 9TH |
St Charles Sheens batting - Pitching for Nashville G-Strings : RHP Jesse Moser
|
Batting: RHB Miguel Palácios
|
0-0: DOUBLE (Flyball, 89XD)
|
Batting: LHB Kyle Harrison
|
0-0: Ball 1-0: Swinging Strike 1-1: Foul Ball, location: 2F 1-2: Ball 2-2: Ball 3-2: Ground out 6-3 (Groundball, 6)
|
Batting: RHB Jesús Hernández
|
0-0: SINGLE (Groundball, 56D) Miguel Palácios to third Runner from 3rd tries for Home, SAFE, no throw
|
Batting: LHB Stan Bates
|
0-0: Fly out, F9 (Flyball, 9LM)
|
Batting: RHB Júlio Figueroa
|
0-0: Called Strike Jesús Hernández is caught stealing 2nd base
|
Top of the 9th over - 1 run(s), 2 hit(s), 0 error(s), 0 left on base; St Charles 5 - Nashville 2 |
BOTTOM OF THE 9TH |
Nashville G-Strings batting - Pitching for St Charles Sheens : LHP Ben Moody
|
Pitching: RHP Álex Villegas
|
|
Batting: SHB Rob Grun
|
0-0: Foul Ball, location: 2F 0-1: Foul Ball, location: 2F 0-2: Fly out, F8 (Flyball, 8RS)
|
Batting: RHB Sergio Márquez
|
0-0: Ball 1-0: Ball 2-0: Ground out 4-3 (Groundball, 4)
|
Batting: LHB George Smith
|
0-0: Ball 1-0: Ball 2-0: Ball 3-0: Called Strike 3-1: Swinging Strike 3-2: Base on Balls
|
Pitching: RHP Juan Rivera
|
|
Batting: RHB Vicente Aguirre
|
0-0: Ball 1-0: Called Strike 1-1: Foul Ball, location: 2F 1-2: Foul Ball, location: 2F 1-2: SINGLE (Groundball, 34D) George Smith to second Runner from 2nd tries for 3rd, SAFE, throw made to third
|
Now in RF: Ben Dougherty
|
|
Batting: RHB António Ortega
|
0-0: Foul Ball, location: 2F 0-1: Foul Ball, location: 2F 0-2: Ball 1-2: Ball 2-2: Foul Ball, location: 2F 2-2: Reached on error, E5 (Groundball, 56) George Smith scores Vicente Aguirre to second
|
Pinch Hitting: RHB Greg King
|
0-0: Called Strike 0-1: Ball 1-1: Called Strike 1-2: Ball 2-2: Strikes out looking
|
Bottom of the 9th over - 1 run(s), 1 hit(s), 1 error(s), 2 left on base; St Charles 5 - Nashville 3 |
|